 Dungeon Crawl Stone Soup version 0.22.1-1-ga44c0e56f4 (webtiles) character file.

856 Ihlosi the Skirmisher (level 8, -1/87 HPs)
             Began as an Ogre Gladiator on Nov 1, 2018.
             Was a Believer of Okawaru.
             Slain by Pikel
             ... wielding a +2 whip of electrocution
              (18 damage)
             ... on level 6 of the Dungeon.
             The game lasted 00:17:10 (6269 turns).

Ihlosi the Skirmisher (Ogre Gladiator)              Turns: 6269, Time: 00:17:10

Health: -1/87      AC: 17    Str: 18 (21) XL:     8   Next: 2%
Magic:  0/9        EV:  8    Int:  8 (9)  God:    Okawaru [**....]
Gold:   258        SH:  0    Dex: 11 (12) Spells: 7/7 levels left

rFire    + + .     SeeInvis .   a - +1 mace (protect)
rCold    x . .     Gourm    +   (no shield)
rNeg     . . .     Faith    .   w - +1 fire dragon scales
rPois    .         Spirit   +   c - +0 hat
rElec    .         Reflect  .   s - scarf {Spirit}
rCorr    .         Harm     .   (gloves unavailable)
MR       .....                  (boots unavailable)
Stlth    ..........             l - amulet of the gourmand
HPRegen  0.24/turn              (no ring)
MPRegen  0.11/turn              (no ring)

@: protection aura
A: large, unfitting armour, mutation resistance 1, strong 1, tough skin 1, wild
magic 1
a: Heroism, Renounce Religion


You were on level 6 of the Dungeon.
You worshipped Okawaru.
Okawaru was pleased with you.
You were not hungry.

You visited 2 branches of the dungeon, and saw 8 of its levels.

You collected 258 gold pieces.

Inventory:

Hand Weapons
 a - a +1 mace of protection (weapon)
 g - a +0 flail
Missiles
 d - 2 throwing nets (quivered)
Armour
 b - a +0 robe
 c - a +0 hat (worn)
 s - a scarf of spirit shield (worn)
 w - +1 fire dragon scales (worn)
Jewellery
 l - an amulet of the gourmand (around neck)
Scrolls
 j - 2 scrolls of identify
 k - a scroll of amnesia
 m - 3 scrolls of remove curse
Potions
 i - 2 potions of curing
 p - a potion of degeneration
 v - a potion of brilliance
Comestibles
 f - 5 rations


   Skills:
 * Level 7.0 Fighting
 + Level 5.6 Maces & Flails
 - Level 2.0 Throwing
 * Level 1.2 Armour
 + Level 4.3 Dodging
 * Level 1.8 Invocations


You had 7 spell levels left.
You didn't know any spells.
Your spell library was empty.

Dungeon Overview and Level Annotations

Branches:
Dungeon (7/15)             Temple (1/1) D:5

Altars:
Ashenzari
Cheibriados
Dithmenos
Elyvilon
Fedhas
Gozag
Hepliaklqana
Kikubaaqudgha
Makhleb
Nemelex Xobeh
Okawaru
Qazlal
Ru
Sif Muna
Trog
Uskayaw
Vehumet
Xom
Yredelemnul
Zin
The Shining One

Annotations:
D:6 Pikel


Innate Abilities, Weirdness & Mutations

You are too large for most types of armour.
You have tough skin. (AC +1)
You are somewhat resistant to further mutation.
Your muscles are strong. (Str +2)
Your spells are a little harder to cast, but a little more powerful.


Message History

Pikel hits you but does no damage.
You are electrocuted!
You hit Pikel.
Pikel is heavily wounded.
Pikel hits you but does no damage.
You hit Pikel.
Pikel is heavily wounded.
Pikel hits you with a whip of electrocution.
You are electrocuted!
* * * LOW HITPOINT WARNING * * *
You closely miss Pikel.
Pikel is heavily wounded.
Pikel hits you but does no damage.
You hit Pikel but do no damage.
Pikel is heavily wounded.
Pikel says, "Slavery isn't that bad."
Pikel hits you but does no damage.
You are electrocuted!
* * * LOW HITPOINT WARNING * * *
Pikel barely misses you.
You feel better. Pikel hits you but does no damage.
You are electrocuted!
You die...

**** #..p.# *8,,,8* *,,,,*#.
##...######*,,,*****##**#.
#####.........#*,,,**8###8###.
#........######*,,,,,.........
#........# *8,,,,,........#
#........### **,,,,,........#
#........ol## **8***⌠###8#...
#....>...#pp###############...
#........##pK@................
##############...#####...##..<
#8...8# #8...8#...
##...#####...##...
#...##⌠##...##...
*#...........##...
#8...........8#...
##...........##..<
##8###8###8######


You could see Pikel, 3 slaves, an iguana and an orc.

Vanquished Creatures
  2 sky beasts (D:5)
  A slave (D:6)
  An ice beast (D:6)
  A scorpion (D:4)
  2 crimson imps (D:5)
  An orc priest (D:5)
  An orc wizard (D:5)
  An iguana (D:4)
  8 worker ants
  4 gnolls (D:2)
  7 adders
  2 shadow imps (D:6)
  An ooze (D:6)
  A worm (D:3)
  A dart slug (D:1)
  3 leopard geckos
  9 orcs (D:5)
  7 giant cockroaches
  4 hobgoblins (D:1)
  6 jackals (D:2)
  2 quokkas
  2 bats
  3 frilled lizards
  6 goblins
  A jackal zombie (D:5)
  7 kobolds
  A leopard gecko zombie (D:6)
  9 rats
94 creatures vanquished.

Notes
Turn   | Place    | Note
-------+----------+-------------------------------------------
     0 | D:1      | Ihlosi the Ogre Gladiator began the quest for the Orb.
     0 | D:1      | Reached XP level 1. HP: 22/22 MP: 1/1
    77 | D:2      | Found an iron altar of Okawaru.
    87 | D:2      | Became a worshipper of Warmaster Okawaru
    96 | D:2      | Found a faded altar of an unknown god.
   176 | D:1      | Reached XP level 2. HP: 10/29 MP: 2/2
   196 | D:1      | Reached skill level 3 in Fighting
   782 | D:2      | Reached XP level 3. HP: 37/37 MP: 3/3
   909 | D:2      | Reached XP level 4. HP: 33/48 MP: 4/4
  1093 | D:2      | Reached * piety under Okawaru
  1184 | D:2      | Reached skill level 4 in Fighting
  1525 | D:2      | Found a deep blue altar of Sif Muna.
  2165 | D:3      | Reached XP level 5. HP: 34/54 MP: 5/5
  3640 | D:4      | Reached skill level 5 in Fighting
  3640 | D:4      | Reached XP level 6. HP: 56/66 MP: 6/6
  3720 | D:4      | Noticed a phantom
  3733 | D:5      | Entered Level 5 of the Dungeon
  3895 | D:5      | Found a staircase to the Ecumenical Temple.
  3904 | Temple   | Entered the Ecumenical Temple
  3960 | D:5      | Found a basalt altar of Yredelemnul.
  3997 | D:5      | Noticed a sky beast
  4063 | D:5      | Found a bloodstained altar of Trog.
  4064 | D:5      | Found an opulent altar of Gozag.
  4065 | D:5      | Found an ancient bone altar of Kikubaaqudgha.
  4440 | D:5      | Noticed a sky beast
  4460 | D:6      | Reached skill level 5 in Maces & Flails
  4647 | D:6      | Reached XP level 7. HP: 74/74 MP: 7/7
  4708 | D:5      | Reached skill level 6 in Fighting
  4765 | D:5      | Gained mutation: Your muscles are strong. (Str +2) [potion
                  | of mutation]
  4765 | D:5      | Gained mutation: Your spells are a little harder to cast,
                  | but a little more powerful. [potion of mutation]
  4765 | D:5      | Gained mutation: You are somewhat resistant to further
                  | mutation. [potion of mutation]
  5090 | D:5      | Found a shadowy altar of Dithmenos.
  5209 | D:5      | Reached skill level 1 in Invocations
  5652 | D:5      | Reached ** piety under Okawaru
  5652 | D:5      | Reached skill level 1 in Armour
  5842 | D:6      | Noticed Pikel
  6145 | D:6      | Reached skill level 7 in Fighting
  6185 | D:6      | Reached XP level 8. HP: 87/87 MP: 9/9
  6269 | D:6      | Slain by Pikel

Skill      XL: |  1  2  3  4  5  6  7 |
---------------+----------------------+-----
Fighting       | 3 4 5 7 |  7.0
Maces & Flails | 3 4 5 |  5.6
Dodging        | 3 4 |  4.3
Invocations    | 1 |  1.8
Armour         | 1 |  1.2
Throwing       | |  2.0

Action                   |  1- 3 |  4- 6 |  7- 9 || total
-------------------------+-------+-------+-------++-------
Melee: Flail             |    65 |   178 |    54 ||   297
       Mace              |       |       |   106 ||   106
Throw: Throwing net      |       |     3 |     1 ||     4
  Use: Potion            |       |     2 |     7 ||     9
       Scroll            |       |     3 |     8 ||    11
 Stab: Sleeping          |     1 |     2 |       ||     3
  Eat: Ration            |       |     2 |       ||     2
       Chunk             |       |    10 |     4 ||    14
Armor: Robe              |    15 |    44 |    45 ||   104
       Fire dragon scale |       |       |    11 ||    11
Dodge: Dodged            |    40 |   147 |    75 ||   262
